 Dungeon Crawl Stone Soup version 0.13-a0-2305-ge00d11d (webtiles) character file.

254 Kae the Firebug (level 5, 0/28 HPs)
             Began as a Tengu Fire Elementalist on July 9, 2013.
             Was a Follower of Vehumet.
             Slain by an orc wizard
             ... wielding a +0,+1 orcish dagger
              (3 damage)
             ... on Level 3 of the Dungeon.
             The game lasted 00:04:23 (3092 turns).

Kae the Firebug (Tengu Fire Elementalist)           Turns: 3092, Time: 00:04:24

HP   0/28        AC  2     Str  8      XL: 5   Next: 25%
MP   8/11        EV 12     Int 17      God: Vehumet [*.....]
Gold 111         SH  0     Dex 14      Spells:  4 memorised,  1 level left

Res.Fire  : . . .   See Invis. : .   (no weapon)
Res.Cold  : . . .   Warding    : .   a - +0 robe
Life Prot.: . . .   Conserve   : .   (no shield)
Res.Poison: .       Res.Corr.  : .   (helmet restricted)
Res.Elec. : .       Clarity    : .   (no cloak)
Sust.Abil.: . .     Spirit.Shd : .   (no gloves)
Res.Mut.  : .       Stasis     : .   (boots unavailable)
Res.Rott. : .       Flight     : .   p - amulet of rage
Saprovore : . . .                    (no ring)
                                     e - ring of invisibility

@: slightly resistant to hostile enchantments, fairly stealthy
A: able to fly, beak, talons 3
a: Fly, Renounce Religion, Evoke Berserk Rage, Evoke Invisibility


You were on level 3 of the Dungeon.
You worshipped Vehumet.
Vehumet was pleased with you.
You were near starving.

You visited 1 branch of the dungeon, and saw 4 of its levels.

You collected 91 gold pieces.

Inventory:

Armour
 a - a +0 robe (worn)
Comestibles
 c - 4 bread rations
 g - 3 meat rations
Scrolls
 f - 3 scrolls of teleportation
 i - 2 scrolls of identify
 j - 2 scrolls of remove curse {unknown}
 n - 3 scrolls of curse jewellery
Jewellery
 e - a ring of invisibility (left hand)
 p - an amulet of rage (around neck)
Potions
 d - 5 potions of curing
 h - a potion of agility {unknown}
 m - a potion of restore abilities (quivered)
Books
 b - a book of Flames

   Spells                             Type                      Level
   *Flame Tongue                      Conjuration/Fire             1
   *Throw Flame                       Conjuration/Fire             2
   *Conjure Flame                     Conjuration/Fire             3
   Inner Flame                        Hexes/Fire                   3
   Sticky Flame                       Conjuration/Fire             4
   Fireball                           Conjuration/Fire             5
 k - a book of Clouds

   Spells                             Type                      Level
   Mephitic Cloud                     Conjuration/Poison/Air       3
   *Conjure Flame                     Conjuration/Fire             3
   Poisonous Cloud                    Conjuration/Poison/Air       6
   Freezing Cloud                     Conjuration/Ice/Air          6
   Ring of Flames                     Charms/Fire                  7


   Skills:
 - Level 2.1 Dodging
 - Level 2.0 Stealth
 + Level 2.2 Spellcasting
 * Level 4.3 Conjurations
 * Level 4.5 Fire Magic


You had one spell level left.
You knew the following spells:

 Your Spells              Type           Power        Failure   Level  Hunger
a - Flame Tongue          Conj/Fire      ###..        3%          1    #......
b - Throw Flame           Conj/Fire      ###...       6%          2    ##.....
c - Conjure Flame         Conj/Fire      ###.....     12%         3    ####...
d - Magic Dart            Conj           ###.         3%          1    #......


Dungeon Overview and Level Annotations

Branches:
Dungeon (4/27)
 Temple: D:4-7

Altars:
Nemelex Xobeh
Vehumet

Annotations
D:4 Eustachio


Innate Abilities, Weirdness & Mutations

You can fly.
You have a beak for a mouth.
You have claws for feet.


Message History

Confirm with . or Enter, or press ? or * to list all spells.
Aiming: Flame Tongue
Press: ? - help, Shift-Dir - straight line, f/p - orc wizard
Aim: an orc wizard, wielding an orcish dagger and wearing an orcish robe (moving very quickly)
The flame hits the orc wizard.
The orc wizard is almost dead.
The orc wizard points at you and mumbles some strange words.
The puff of flame hits you!
* * * LOW HITPOINT WARNING * * *
A goblin comes into view. It is wielding a club.
Casting: Flame Tongue
Confirm with . or Enter, or press ? or * to list all spells.
Aiming: Flame Tongue
Press: ? - help, Shift-Dir - straight line, f/p - orc wizard
Aim: an orc wizard, wielding an orcish dagger and wearing an orcish robe (almost dead, moving very quickly)
The flame misses the orc wizard.
The orc wizard hits you with an orcish dagger.
* * * LOW HITPOINT WARNING * * *
The orc wizard hits you with an orcish dagger.
You die...

#########################
#........................
#..###...%...........####
#..# #...####.#####..#
#..# #...# #.#####..####
#..###..o####............
#.g.....@.<..............
#.#####..................
#.# #.#####............
#.# #.# #............ #.#
#.# #............ #.# #.#
#............
#.#####.#####............
#........................
#..............######....


You could see an orc wizard and a goblin.

Vanquished Creatures
  An orc priest (D:3)
  4 adders
  A gnoll (D:1)
  2 worms
  2 orcs (D:3)
  6 bats
  4 giant cockroaches
  11 hobgoblins
  4 jackals (D:3)
  4 kobolds
  A ball python (D:3)
  A giant gecko (D:3)
  A giant gecko zombie (D:3)
  4 giant newts
  2 goblins
  6 rats
54 creatures vanquished.

Notes
Turn   | Place    | Note
--------------------------------------------------------------
     0 | D:1      | Kae, the Tengu Fire Elementalist, began the quest for the Orb.
     0 | D:1      | Reached XP level 1. HP: 10/10 MP: 3/3
   193 | D:1      | Reached XP level 2. HP: 15/15 MP: 3/5
   539 | D:1      | Reached XP level 3. HP: 13/19 MP: 5/7
  1109 | D:2      | Learned a level 2 spell: Throw Flame
  1167 | D:2      | Found a sparkling altar of Nemelex Xobeh.
  1235 | D:2      | Found a radiant altar of Vehumet.
  1244 | D:2      | Became a worshipper of Vehumet
  1277 | D:2      | Reached skill level 4 in Fire Magic
  1277 | D:2      | Reached XP level 4. HP: 22/24 MP: 2/8
  2047 | D:3      | Reached XP level 5. HP: 28/28 MP: 11/11
  2505 | D:4      | Noticed Eustachio
  2512 | D:3      | Acquired Vehumet's first power
  2512 | D:3      | Offered knowledge of Magic Dart by Vehumet.
  2516 | D:3      | HP: 1/28 [jackal (2)]
  2706 | D:3      | Learned a level 3 spell: Conjure Flame
  2708 | D:3      | Learned a level 1 spell: Magic Dart
  2938 | D:4      | Noticed an ogre
  3092 | D:3      | Slain by an orc wizard

Action                   |  1- 3 |  4- 6 || total
-------------------------+-------+-------++-------
Melee: Unarmed           |    27 |    13 ||    40
 Cast: Flame Tongue      |    43 |    63 ||   106
 Abil: Fly               |       |     1 ||     1
  Use: Potion            |     2 |       ||     2
       Scroll            |     1 |     7 ||     8
